 Dungeon Crawl Stone Soup version 0.21.0-3-g78d12a8 (webtiles) character file.

939 Ignatius881 the Conjurer (level 7, -4/46 HPs)
             Began as a Mummy Conjurer on Jan 11, 2018.
             Was a Follower of Sif Muna.
             Killed from afar by Duranin's ghost (11 damage)
             ... with a spray of energy
             ... on level 6 of the Dungeon.
             The game lasted 00:29:42 (8951 turns).

Ignatius881 the Conjurer (Mummy Conjurer)           Turns: 8951, Time: 00:29:43

Health: -4/46      AC:  2    Str: 11    XL:     7   Next: 87%
Magic:  1/14       EV: 13    Int: 16    God:    Sif Muna [*.....]
Gold:   111        SH:  0    Dex: 13    Spells: 5/16 levels left

rFire    x . .     SeeInvis .   l - +2 war axe (elec)
rCold    + . .     Gourm    .   (no shield)
rNeg     + + +     Faith    .   a - +0 robe
rPois    ∞         Spirit   .   (no helmet)
rElec    .         Reflect  .   (no cloak)
rCorr    +         Harm     .   (no gloves)
MR       .....                  (no boots)
Stlth    ++........             (no amulet)
HPRegen  0.15/turn              c - ring of resist corrosion
MPRegen  0.14/turn              (no ring)

@: no status effects
A: no food or potions, fire vulnerability, cold resistance 1, negative energy
resistance 3, torment resistance, unbreathing
a: Divine Energy, Renounce Religion


You were on level 6 of the Dungeon.
You worshipped Sif Muna.
Sif Muna was aware of your devotion.
You were not hungry.

You visited 1 branch of the dungeon, and saw 6 of its levels.

You collected 319 gold pieces.
You spent 208 gold pieces at shops.

Inventory:

Hand Weapons
 d - a +0 club
   (You took it off a hobgoblin on level 1 of the Dungeon)
 f - a +0 hand axe
   (You took it off an orc on level 3 of the Dungeon)
 k - a +0 long sword of electrocution
   (You found it on level 4 of the Dungeon)
 l - a +2 war axe of electrocution (weapon)
   (You bought it in a shop on level 4 of the Dungeon)
Missiles
 h - 66 stones (quivered)
Armour
 a - a +0 robe (worn)
Jewellery
 c - a ring of resist corrosion (left hand)
   (You found it on level 2 of the Dungeon)
Scrolls
 b - a scroll of fear
 g - 2 scrolls of blinking
 j - 2 scrolls of teleportation {@r4}
Books
 e - a book of Conjurations


   Skills:
 + Level 2.7(2.9) Axes
 - Level 1.2(2.1) Maces & Flails
 - Level 1.2 Throwing
 + Level 3.5 Dodging
 - Level 1.5 Stealth
 + Level 5.2 Spellcasting
 * Level 5.7 Conjurations


You had 5 spell levels left.
You knew the following spells:

 Your Spells              Type           Power        Failure   Level  Hunger
a - Magic Dart            Conj           ###.         1%          1    N/A
b - Searing Ray           Conj           ###...       2%          2    N/A
c - Iskenderun's Mystic   Conj           ###.....     14%         4    N/A
d - Fulminant Prism       Conj/Hex       ##........   41%         4    N/A

Dungeon Overview and Level Annotations

Branches:
Dungeon (6/15)             Temple (0/1) D:6

Altars:
Ashenzari
Dithmenos
Sif Muna
Trog
Uskayaw
Vehumet
Yredelemnul
The Shining One

Shops:
D:4 }?!(*

Annotations:
D:2 Sigmund
D:6 Duranin's ghost, novice DrCj


Innate Abilities, Weirdness & Mutations

You do not eat or drink.
Your flesh is vulnerable to fire.
You are immune to poison.
Your flesh is cold resistant. (rC+)
You are immune to negative energy. (rN+++)
You are immune to unholy pain and torment.
You can survive without breathing.


Message History

Here: Duranin's ghost, wielding a weapon of venom (hasn't noticed you)
The floor.
Aim: Duranin's ghost, wielding a weapon of venom (hasn't noticed you)
The magic dart hits Duranin's ghost.
Duranin's ghost turns its malevolent gaze towards you.
You can't see any susceptible monsters within range! (Use Z to cast anyway.) Unknown command.
Aim: Duranin's ghost, wielding a weapon of venom
Okay, then.
Aim: Duranin's ghost, wielding a weapon of venom The searing ray hits Duranin's ghost. (Press . to maintain the ray.) Duranin's ghost casts a spell at you.
The magic dart hits you!
The searing ray hits Duranin's ghost.
Duranin's ghost wails, "You must not succeed where I failed!"
The searing ray hits Duranin's ghost.
Duranin's ghost gestures at you while chanting.
The magic dart hits you!
The searing ray hits Duranin's ghost.
You finish channeling your searing ray.
Aim: Duranin's ghost, wielding a weapon of venom (lightly damaged)
The searing ray hits Duranin's ghost. (Press . to maintain the ray.)
A worker ant comes into view.
The searing ray hits Duranin's ghost.
Duranin's ghost points at you and mumbles some strange words.
The magic dart hits you!
The searing ray hits Duranin's ghost.
The searing ray hits Duranin's ghost.
You finish channeling your searing ray.
Duranin's ghost points at you and mumbles some strange words.
The magic dart hits you!
* * * LOW HITPOINT WARNING * * *
Aim: Duranin's ghost, wielding a weapon of venom (lightly damaged)
The searing ray misses Duranin's ghost.
The searing ray hits the worker ant. (Press . to maintain the ray.) Duranin's ghost closely misses you.
The searing ray misses Duranin's ghost.
The searing ray hits the worker ant.
Duranin's ghost hits you.
* * * LOW HITPOINT WARNING * * *
The searing ray misses Duranin's ghost.
The worker ant bites you.
* * * LOW HITPOINT WARNING * * *
Duranin's ghost casts a spell at you. The magic dart hits you!
* * * LOW HITPOINT WARNING * * *
Without enough magic to sustain it, your searing ray dissipates.
The worker ant bites you.
* * * LOW HITPOINT WARNING * * *
Duranin's ghost gestures at you while chanting.
The spray of energy hits you!
You die...

.# *#............##
.#****.......[......#*
.**,,,,...........#..#**
.,,,,,,...........##..,**
.,,,***..........##*#.,,**
* ,,*** *#.........#
***,,** *** ,,*
#.........## **,,** **,,
,,* ##.........#
**,,***,,* ,,*
#.......@.#* **,,,,,** ,,*
##.....aW..# **,,,,* ,,*
#.........#* *,,,,* ,**
##.........# *,,,,* ,*
#.........#* *,,,,** **
#..........* *,,,,,* *
*##....[....#* *,,,,,*
**,#..........* *,,,,,*
***,,,,,,,,,,,,,** *,,,,,,


You could see a worker ant and Duranin's ghost.

Vanquished Creatures
  Eustachio (D:5)
  Menkaure (D:5)
  An ogre (D:5)
  A phantom (D:4)
  2 crimson imps (D:5)
  A bullfrog zombie (D:5)
  A jelly (D:6)
  A hound (D:4)
  2 orc wizards (D:4)
  Jessica (D:3)
  An iguana (D:4)
  A worker ant (D:4)
  7 adders
  A howler monkey skeleton (D:3)
  A gnoll (D:1)
  2 shadow imps (D:5)
  5 oozes
  An adder skeleton (D:4)
  An adder zombie (D:4)
  A worm (D:2)
  10 orcs
  8 giant cockroaches
  4 goblins
  12 hobgoblins
  4 jackals (D:5)
  2 quokkas (D:2)
  2 ball pythons (D:4)
  9 bats
  7 frilled lizards
  7 kobolds
  8 rats
106 creatures vanquished.

Notes
Turn   | Place    | Note
-------+----------+-------------------------------------------
     0 | D:1      | Ignatius881 the Mummy Conjurer began the quest for the Orb.
     0 | D:1      | Reached XP level 1. HP: 13/13 MP: 4/4
   140 | D:1      | Reached XP level 2. HP: 19/19 MP: 0/6
   203 | D:1      | Learned a level 2 spell: Searing Ray
   764 | D:1      | Reached XP level 3. HP: 19/24 MP: 1/7
  1820 | D:2      | Reached skill level 1 in Maces & Flails
  1936 | D:2      | Reached XP level 4. HP: 30/30 MP: 2/9
  2001 | D:2      | Learned a level 4 spell: Iskenderun's Mystic Blast
  2155 | D:2      | Noticed Sigmund
  3839 | D:3      | Noticed Jessica
  4128 | D:3      | Killed Jessica
  4128 | D:3      | Reached XP level 5. HP: 35/35 MP: 3/10
  4199 | D:3      | Found a basalt altar of Yredelemnul.
  4802 | D:4      | Reached skill level 1 in Axes
  4802 | D:4      | Reached skill level 1 in Throwing
  4908 | D:4      | Found Amezai's Assorted Antiques.
  5329 | D:4      | Found Qiroshras's Gadget Shoppe.
  5338 | D:4      | Reached XP level 6. HP: 30/41 MP: 1/11
  5427 | D:4      | Learned a level 4 spell: Fulminant Prism
  5572 | D:4      | Found Qubivy's Distillery.
  5637 | D:4      | Found Baock's Antique Weapon Boutique.
  5645 | D:4      | Bought a glowing war axe for 208 gold pieces
  6128 | D:4      | Found Doanu's Magic Scroll Shop.
  6159 | D:4      | Found a deep blue altar of Sif Muna.
  6168 | D:4      | Became a worshipper of Sif Muna the Loreminder
  6857 | D:5      | Entered Level 5 of the Dungeon
  7393 | D:4      | Reached skill level 5 in Conjurations
  7393 | D:4      | Reached XP level 7. HP: 35/46 MP: 0/13
  7598 | D:5      | Found a shattered altar of Ashenzari.
  7614 | D:5      | Found a hide-covered altar of Uskayaw.
  7616 | D:5      | Noticed a hand axe
  7943 | D:5      | Noticed a dagger
  8257 | D:5      | Found a bloodstained altar of Trog.
  8257 | D:5      | Found a glowing golden altar of the Shining One.
  8262 | D:5      | Found a radiant altar of Vehumet.
  8263 | D:5      | Noticed Menkaure
  8266 | D:5      | Killed Menkaure
  8292 | D:5      | Found a shadowy altar of Dithmenos.
  8293 | D:5      | Found a faded altar of an unknown god.
  8436 | D:5      | Reached skill level 5 in Spellcasting
  8529 | D:5      | Noticed Eustachio
  8541 | D:5      | Killed Eustachio
  8541 | D:5      | Reached * piety under Sif Muna
  8822 | D:6      | Found a staircase to the Ecumenical Temple.
  8937 | D:6      | Noticed Duranin's ghost (novice DrCj)
  8951 | D:6      | Killed from afar by Duranin's ghost

Skill      XL: |  1  2  3  4  5  6  7 |
---------------+----------------------+-----
Spellcasting   | 3 4 5 |  5.2
Dodging        | 2 3 |  3.5
Maces & Flails | 1 |  1.2
Conjurations   | 4 5 |  5.7
Axes           | 1 2 |  2.7
Throwing       | 1 |  1.2
Stealth        | |  1.5

Action                   |  1- 3 |  4- 6 |  7- 9 || total
-------------------------+-------+-------+-------++-------
Melee: Club              |    13 |       |       ||    13
       Hand axe          |       |     1 |       ||     1
       War axe           |       |    14 |       ||    14
 Cast: Magic Dart        |    98 |   194 |    23 ||   315
       Searing Ray       |       |    10 |    18 ||    28
  Use: Scroll            |     3 |     1 |     2 ||     6
Armor: Robe              |     3 |     5 |       ||     8
Dodge: Dodged            |    20 |    37 |     8 ||    65
